 Dungeon Sprint DCSS version 0.27.0-65-ge2af304b15 (webtiles) character file.

Game seed: 11246659751130208859

7695 ABBCCCDDDD the Warrior (level 11, -17/171 HPs)
             Began as a Minotaur Berserker on Aug 18, 2021.
             Was a High Priest of Trog.
             Demolished by a lorocyproca (24 damage)
             ... in the Dungeon (Sprint I: "Red Sonja").
             The game lasted 00:07:24 (2073 turns).

ABBCCCDDDD the Warrior (Minotaur Berserker)         Turns: 2073, Time: 00:07:24

Health: -17/171    AC: 17    Str: 26    XL:     11   Next: 0%
Magic:  0/10       EV: 13    Int:  4    God:    Trog [*****.]
Gold:   1110       SH:  0    Dex:  9    Spells: 10/10 levels left

rFire    + . .     SeeInvis .   l - +6 battleaxe (flame)
rCold    . . .     Faith    .   (shield currently unavailable)
rNeg     . . .     Spirit   .   j - +0 chain mail
rPois    .         Reflect  .   (helmet restricted)
rElec    .         Harm     .   (no cloak)
rCorr    .         Rampage  .   (no gloves)
Will     ++...     NoTele   +   b - +2 pair of boots
Stlth    ..........             (no amulet)
HPRegen  1.38/turn              e - ring of protection from fire
MPRegen  0.12/turn              (no ring)

@: berserking, strong-willed, regenerating, very quick
A: horns 2, retaliatory headbutt
a: Renounce Religion, Berserk, Trog's Hand, Brothers in Arms


You were in the Dungeon.
You worshipped Trog.
Trog was extremely pleased with you.
You visited 1 branch You collected 1110 gold pieces.

Inventory:

Hand Weapons
 a - a +0 hand axe
 l - a +6 battleaxe of flaming (weapon)
Missiles
 d - 4 curare-tipped darts (quivered)
Armour
 b - a +2 pair of boots (worn)
 j - a +0 chain mail (worn)
Jewellery
 e - a ring of protection from fire (left hand)
Scrolls
 h - a scroll of immolation {unknown}
 i - a scroll of enchant weapon {unknown}
 k - a scroll of identify {unknown}
 m - a scroll of acquirement {unknown}
Potions
 c - 4 potions of curing
 f - 2 potions of magic
 g - a potion of berserk rage


   Skills:
 + Level 15.6 Fighting
 + Level 15.6 Axes
 + Level 15.4 Armour
 + Level 14.3 Dodging


You had 10 spell levels left.
You didn't know any spells.
Your spell library was empty.

Dungeon Overview and Level Annotations

Branches:
Dungeon (1/1)

Altars:
Cheibriados
Dithmenos
Elyvilon
Fedhas
Gozag
Hepliaklqana
Kikubaaqudgha
Makhleb
Nemelex Xobeh
Okawaru
Qazlal
Ru
Sif Muna
Trog
Uskayaw
Vehumet
Wu Jian
Xom
Yredelemnul
Zin
The Shining One
Jiyva
Lugonu

Shops:
D :*[


Innate Abilities, Weirdness & Mutations

You have a pair of horns on your head.
You reflexively headbutt those who attack you in melee.


Message History

As you open the door, it creaks loudly!
There is an open door here.
An arrow shoots out and hits you!
There is an arrow trap here.
You avoid triggering an arrow trap.
There is an arrow trap here.
You open the door.
A meliai comes into view. It is wielding a +0 hand axe.
The meliai buzzes angrily.
You hear a chilling moan.
The meliai mumbles some strange prayers to its god against you.
Something smites you!
Found 162 gold pieces.
There is an open door here.
The meliai calls down the wrath of its god upon you.
Something smites you!
You open the door.
The meliai invokes the aid of its god against you.
Something smites you! Something hits you!
You feel your power leaking away.
Deactivating autopickup; reactivate with Ctrl-A.
Found a scroll labelled YFFERI RELYM.
There is an open door here.
You see here a scroll labelled YFFERI RELYM.
m - a scroll labelled YFFERI RELYM Something hits you!!
You slash something! You burn something. You headbutt something.
Something hits you!!
* * * LOW HITPOINT WARNING * * *
Okay, then.
Your skin crawls.
You feel strong-willed. Something hits you but does no damage.
A red film seems to cover your vision as you go berserk!
You feel yourself moving faster!
You feel mighty! Something hits you but does no damage.
You miss something. You headbutt something!! Something hits you!
* * * LOW HITPOINT WARNING * * *
You closely miss something. Your headbutt misses something.
You barely miss something. You headbutt something! Something hits you!!
You die...

##########################
#__#..))..#.(#§§§§§§§§§§.+
'†.'..#...##'#.####§.§§§##
#__####...'..#§#@###§..##
####.§#####..§§#'#$###'#
#≈≈≈§§#..##'####^.$#y#.#
'≈§)§§'§.#.)°..#..$###..
#≈≈§§§#§§#^^..°°..$$$##.#
##)#####'###..^#^....# .##
#.§§(###.+ #^..###++##
##.. ##'###.### #^.## +##
.....'.∩# #.○#


There were no monsters in sight!

Levels and vault maps discovered:
D:        dungeon_sprint_1 [red_sonja_temple_1, red_sonja_temple_small_1]

Notes
Turn   | Place    | Note
-------+----------+-------------------------------------------
     0 | D        | ABBCCCDDDD the Minotaur Berserker began the quest for the
                  | Orb.
     0 | D        | Reached XP level 1. HP: 19/19 MP: 0/0
     1 | D        | Noticed Ijyb
    13 | D        | Killed Ijyb
    14 | D        | Reached skill level 5 in Fighting
    14 | D        | Reached skill level 5 in Axes
    14 | D        | Reached XP level 2. HP: 29/29 MP: 1/1
   110 | D        | Noticed an ogre
   116 | D        | Killed an ogre
   117 | D        | Reached skill level 5 in Armour
   117 | D        | Reached skill level 5 in Dodging
   117 | D        | Reached XP level 3. HP: 19/38 MP: 2/2
   117 | D        | Reached XP level 4. HP: 22/45 MP: 3/3
   319 | D        | Noticed Sigmund
   328 | D        | Killed Sigmund
   328 | D        | Reached ** piety under Trog
   329 | D        | Reached XP level 5. HP: 56/56 MP: 4/4
   329 | D        | Reached XP level 6. HP: 62/62 MP: 5/5
   422 | D        | Found an ornate altar of the Wu Jian Council.
   422 | D        | Found a shimmering blue altar of Sif Muna.
   424 | D        | Found a radiant altar of Vehumet.
   486 | D        | Found Unifrem's General Store.
   486 | D        | Found an ancient bone altar of Kikubaaqudgha.
   486 | D        | Found a hazy altar of Hepliaklqana.
   486 | D        | Found a hide-covered altar of Uskayaw.
   486 | D        | Found a basalt altar of Yredelemnul.
   486 | D        | Found an opulent altar of Gozag.
   486 | D        | Found a snail-covered altar of Cheibriados.
   486 | D        | Found a sacrificial altar of Ru.
   486 | D        | Found a shadowy altar of Dithmenos.
   486 | D        | Noticed a yak
   491 | D        | Killed a yak
   492 | D        | Found a stormy altar of Qazlal.
   492 | D        | Found a blossoming altar of Fedhas.
   492 | D        | Found a bloodstained altar of Trog.
   492 | D        | Found an iron altar of Okawaru.
   492 | D        | Found a glowing golden altar of the Shining One.
   492 | D        | Found a glowing silver altar of Zin.
   492 | D        | Found a white marble altar of Elyvilon.
   529 | D        | Found a sparkling altar of Nemelex Xobeh.
   576 | D        | Found a viscous altar of Jiyva.
   576 | D        | Found a corrupted altar of Lugonu.
   576 | D        | Noticed a slime creature
   577 | D        | Found a burning altar of Makhleb.
   577 | D        | Found a shimmering altar of Xom.
   584 | D        | Killed a slime creature
   585 | D        | Reached skill level 10 in Fighting
   585 | D        | Reached skill level 10 in Axes
   585 | D        | Reached XP level 7. HP: 72/72 MP: 6/6
   639 | D        | Noticed a kobold demonologist
   639 | D        | Noticed a kobold demonologist
   642 | D        | Reached *** piety under Trog
   643 | D        | Reached skill level 10 in Armour
   644 | D        | Killed a kobold demonologist
   651 | D        | Killed a kobold demonologist
   651 | D        | Reached **** piety under Trog
   652 | D        | Reached skill level 10 in Dodging
   652 | D        | Reached XP level 8. HP: 82/82 MP: 7/7
   685 | D        | Noticed a demonic crawler
   685 | D        | Noticed a demonic crawler
   685 | D        | Noticed a demonic crawler
   685 | D        | Noticed a demonic crawler
   706 | D        | Noticed a centaur warrior
   706 | D        | Noticed a centaur warrior
   720 | D        | Killed a centaur warrior
   722 | D        | Killed a centaur warrior
   723 | D        | Reached XP level 9. HP: 50/93 MP: 8/8
   970 | D        | Reached ***** piety under Trog
  1014 | D        | Noticed an oklob plant
  1023 | D        | Killed an oklob plant
  1158 | D        | Noticed a deep troll
  1164 | D        | Killed a deep troll
  1234 | D        | Found Atyle's Armour Emporium.
  1248 | D        | Noticed Sonja
  1257 | D        | HP: 5/141 [Sonja (7)]
  1271 | D        | Killed Sonja
  1272 | D        | Reached XP level 10. HP: 38/103 MP: 9/9
  1539 | D        | Found Xuqug's Book Boutique.
  1804 | D        | Noticed a gargoyle
  1814 | D        | Killed a gargoyle
  1855 | D        | Noticed a lindwurm
  1860 | D        | Killed a lindwurm
  1860 | D        | Received a gift from Trog
  1906 | D        | Reached skill level 15 in Fighting
  1906 | D        | Reached skill level 15 in Axes
  1912 | D        | Reached skill level 15 in Armour
  1920 | D        | Received a gift from Trog
  1933 | D        | Reached ****** piety under Trog
  1934 | D        | Reached XP level 11. HP: 86/114 MP: 10/10
  2071 | D        | HP: 5/171 [something (14)]
  2073 | D        | Demolished by a lorocyproca

Table legend: (Time is in decaauts)
 A = Elapsed time spent in this place.
 B = Non-inter-level travel time spent in this place.
 C = Inter-level travel time spent in this place.
 D = Time resting spent in this place.
 E = Time spent auto-exploring this place.
 F = Levels seen in this place.
 G = Mean time per level.
                   A        B        C        D        E       F      G
               +--------+--------+--------+--------+--------+-----+--------+
         Total |   2176 |   2176 |      0 |   1617 |      1 |   1 | 2176.0 |
       Dungeon |   2176 |   2176 |      0 |   1617 |      1 |   1 | 2176.0 |
               +--------+--------+--------+--------+--------+-----+--------+

Top non-repeatable levels by time:
       D: 2176 daAuts

Table legend:
 A = Kills in this place as a percentage of kills in entire the game.
 B = Kills by you in this place as a percentage of kills by you in the entire game.
 C = Kills by friends in this place as a percentage of kills by friends in the entire game.
 D = Other kills in this place as a percentage of other kills in the entire game.
 E = Experience gained in this place as a percentage of experience gained in the entire game.
 F = Experience gained in this place divided by the number of levels of this place that you have seen.
                   A       B       C       D       E      F
               +-------+-------+-------+-------+-------+----------------------
         Total | 100.0 | 100.0 |   N/A |   N/A | 100.0 | 10994.0
       Dungeon | 100.0 | 100.0 |   N/A |   N/A | 100.0 | 10994.0
               +-------+-------+-------+-------+-------+----------------------

Action                   |  1- 3 |  4- 6 |  7- 9 | 10-12 || total
-------------------------+-------+-------+-------+-------++-------
Melee: Hand axe          |    14 |    17 |    43 |    28 ||   102
       Headbutt          |     2 |     3 |    15 |    13 ||    33
       Battleaxe         |       |       |       |    33 ||    33
Invok: Berserk           |     2 |     4 |     6 |     4 ||    16
       Trog's Hand       |       |       |     2 |     1 ||     3
       Brothers in Arms  |       |       |     1 |       ||     1
  Use: Scroll            |       |       |     1 |       ||     1
       Potion            |       |       |     2 |       ||     2
Armor: Animal skin       |     1 |       |       |       ||     1
       Chain mail        |       |     1 |    37 |    33 ||    71
Dodge: Dodged            |     3 |     8 |    35 |    39 ||    85

Vanquished Creatures
  2 centaur warriors (D)
  Sonja (D)
  A deep troll (D)
  A lindwurm (D)
  An oklob plant (D)
  A gargoyle (D)
  2 kobold demonologists (D)
  4 demonic crawlers (D)
  A hornet (D)
  A slime creature (D)
  Sigmund (D)
  A yak (D)
  13 hogs (D)
  A floating eye (D)
  An ogre (D)
  A jelly (D)
  Ijyb (D)
  A ballistomycete spore (D)
35 creatures vanquished.

Vanquished Creatures (others)
  A ballistomycete spore (D)
1 creature vanquished.

Grand Total: 36 creatures vanquished
